 Dungeon Crawl Stone Soup version 0.30.1-3-gfc49f6343a (webtiles) character file.

Game seed: 3387648928028571265

205 Pepete the Magician (level 6, -5/60 HPs)
             Began as a Djinni Fire Elementalist on July 20, 2023.
             Killed by divine providence
             ... invoked by an orc priest
              (12 damage)
             ... on level 3 of the Dungeon.
             The game lasted 00:03:23 (3027 turns).

Pepete the Magician (Djinni Fire Elementalist)      Turns: 3027, Time: 00:03:24

Health: -5/60      AC: 23    Str:  4 (7)  XL:     6   Next: 9%
Gold:   84         EV:  2    Int: 16 (18) God:
                   SH:  0    Dex: 11 (14)

rFire   . . .        (no weapon)
rCold   . . .        (no shield)
rNeg    . . .        i - melded +2 robe {rN+}
rPois   ∞            (helmet currently unavailable)
rElec   .            (cloak currently unavailable)
rCorr   .            (gloves currently unavailable)
SInv    .            (boots unavailable)
Will    .....        (no amulet)
Stlth   ++           (no ring)
HPRegen 0.30/turn    (no ring)
MPRegen 0.00/turn

%: infuse magic (-6 HP)
@: brilliant, tree-form, attractive, very slightly contaminated, studying
Spellcasting
A: stationary, stasis, torment immunity, boosted hp, sickness immunity, (fire
resistance 2), (cold vulnerability 1), float, innate caster, HP casting, extra
vitality 1
a: no special abilities


You were on level 3 of the Dungeon.
You were a tree.
You visited 1 branch of the dungeon, and saw 3 of its levels.

You collected 84 gold pieces.

Inventory:

Armour
 f - a +0 robe
 i - a +2 robe of positive energy (melded)
Jewellery
 a - a ring of willpower
 n - a ring of protection from cold
Wands
 j - a wand of flame (19)
Scrolls
 g - a scroll of fog {unknown}
 h - a scroll of summoning {unknown}
Potions
 b - 2 potions of mutation
 c - a potion of brilliance
 e - a potion of lignification


   Skills:
 * Level 3.6 Armour
 - Level 2.1 Dodging
 - Level 1.5 Stealth
 * Level 4.0 Spellcasting


You knew the following spells:

 Your Spells              Type           Power      Damage    Failure   Level
a - Foxfire               Conj/Fire      96%        2x1d8     3%          1
b - Scorch                Fire           48%        2d7       4%          2
c - Volatile Blastmotes   Fire/Tloc      48%        2d14      10%         3
d - Inner Flame           Hex/Fire       24%        N/A       10%         3
e - Flame Wave            Conj/Fire      24%        2d8       32%         4
f - Freeze                Ice            96%        1d10      3%          1
g - Blink                 Tloc           48%        N/A       4%          2
Your spell library was empty.

Dungeon Overview and Level Annotations

Branches:
Dungeon (3/15)

Altars:
Ru

Shops:
D:2 *


Innate Abilities, Weirdness & Mutations

You are a tree.
Your roots penetrate the ground, keeping you stationary.
You cannot be teleported.
You are immune to unholy pain and torment.
Your maximum health is greatly increased.
Your equipment is partially melded.
You are immune to sickness and miasma.
You are immune to poison.
((Your flesh is very heat resistant. (rF++)))
((You are vulnerable to cold. (rC-)))
You float through the air rather than walking.
You learn spells naturally, not from books.
Your magical power is your life essence.
You have superior vitality. (+4 MHP)


Message History

* * * LOW HITPOINT WARNING * * *
Unknown command.
Casting: Foxfire (safe; 3% risk of failure)
Confirm with . or Enter, or press ? or * to list all spells.
You feel a surge of power!
Flames lash the orc.
You kill the orc!
* * * LOW HITPOINT WARNING * * *
Something hits you but does no damage.
Unknown command.
Casting: Scorch (safe; 5% risk of failure)
Confirm with . or Enter, or press ? or * to list all spells.
You feel a surge of power!
Flames lash the hobgoblin.
You kill the hobgoblin!
* * * LOW HITPOINT WARNING * * *
Something hits you but does no damage.
Unknown command.
Casting: Scorch (safe; 5% risk of failure)
Confirm with . or Enter, or press ? or * to list all spells.
You feel a surge of power!
Flames lash something.
Reactivating autopickup.
You feel a bit more experienced.
* * * LOW HITPOINT WARNING * * *
Your Spellcasting skill increases to level 4!
You have reached level 6!
Casting: Scorch (safe; 4% risk of failure)
Confirm with . or Enter, or press ? or * to list all spells.
You feel a surge of power!
Flames lash the orc priest.
The orc priest is heavily wounded.
The orc priest's fire resistance burns away.
* * * LOW HITPOINT WARNING * * *
The orc priest hits you but does no damage.
Casting: Scorch (safe; 4% risk of failure)
Confirm with . or Enter, or press ? or * to list all spells.
You feel a surge of power!
You miscast Scorch.
You are very lightly contaminated with residual magic.
Nothing appears to happen.
* * * LOW HITPOINT WARNING * * *
The orc priest mumbles some strange prayers to Beogh against you.
Beogh smites you!
You die...

#####...... #..........
#.########. #.# ## #.#
#.g###### #.# #.o.o).)#
#.# #o# #.# #♣# #.#
#####.######.#####
#.........##.....#
#.###[###.######.#
#.###.## #.#
#>#.###.##...# #.#
#............# #.#
###.###.##...#####.#####
#.................


You could see an orc priest (combustible).

Vanquished Creatures
  Jessica (D:2)
  Natasha (thrice) (D:2)
  An orc wizard (D:3)
  2 adders (D:2)
  7 orcs (D:3)
  4 ball pythons
  7 endoplasms
  A giant cockroach (D:3)
  3 goblins
  11 hobgoblins
  2 kobolds (D:2)
  4 quokkas
  2 bats (D:2)
  A frilled lizard (D:3)
  5 rats
54 creatures vanquished.

Vanquished Creatures (others)
  282 foxfires
282 creatures vanquished.

Grand Total: 336 creatures vanquished

Notes
Turn   | Place    | Note
-------+----------+-------------------------------------------
     0 | D:1      | Pepete the Djinni Fire Elementalist began the quest for the
                  | Orb.
     0 | D:1      | Pepete set off with the following spells memorised:
                  | Foxfire, Scorch, Volatile Blastmotes, Inner Flame, Flame
                  | Wave.
     0 | D:1      | Reached XP level 1. HP: 15/15 MP: 0/0
   214 | D:1      | Reached XP level 2. HP: 18/21 MP: 0/0
   249 | D:1      | Reached skill level 1 in Armour
   803 | D:2      | Reached XP level 3. HP: 22/25 MP: 0/0
   803 | D:2      | Learned a level 1 spell: Freeze
   851 | D:2      | Noticed Jessica
   857 | D:2      | Killed Jessica
   858 | D:2      | Reached skill level 3 in Spellcasting
   858 | D:2      | Reached XP level 4. HP: 25/31 MP: 0/0
   859 | D:2      | Noticed Natasha
   865 | D:2      | Killed Natasha
   978 | D:2      | Noticed Natasha
   982 | D:2      | Killed Natasha
   983 | D:2      | Reached XP level 5. HP: 30/35 MP: 0/0
   983 | D:2      | Learned a level 2 spell: Blink
  1118 | D:2      | Identified the +3 ring mail "Puleozul" {Regen+ SInv Stlth+}
  1120 | D:2      | Noticed Natasha
  1123 | D:2      | Killed Natasha
  2126 | D:2      | Found Keudasua's General Store.
  2226 | D:2      | Identified a scroll of acquirement
  2226 | D:2      | Acquired a manual of Spellcasting
  2847 | D:3      | Found a sacrificial altar of Ru.
  3026 | D:3      | Reached skill level 4 in Spellcasting
  3026 | D:3      | Reached XP level 6. HP: 9/40 MP: 0/0
  3027 | D:3      | Killed from afar by an orc priest

Illustrated notes

Levels and vault maps discovered:
D:1:      dpeg_arrival_line_fractal, layout_basic
D:2:      layout_rooms, serial_shops, shop, uniq_natasha, uniq_jessica
D:3:      layout_loops_ring, grunt_temple_overflow_open, uniq_crazy_yiuf_cottage

Skill      XL: |  1  2  3  4  5 |
---------------+----------------+-----
Armour         | 1 2 3 |  3.6
Spellcasting   | 3 4 |  4.0
Dodging        | |  2.1
Stealth        | |  1.5

Action                     |  1- 3 |  4- 6 || total
---------------------------+-------+-------++-------
   Cast: Foxfire           |    65 |   106 ||   171
         Scorch            |     4 |    13 ||    17
    Use: Scroll            |     1 |     6 ||     7
         Potion            |       |     5 ||     5
 Armour: Skin              |       |     5 ||     5
         Robe              |       |     2 ||     2
  Dodge: Dodged            |       |     8 ||     8
